 Dungeon Crawl Stone Soup version 0.29.1-1-gd02db6906a (webtiles) character file.

Game seed: 16837072512605370615

436 Earthwalker the Poker (level 6, -6/57 HPs)
             Began as a Minotaur Abyssal Knight on Oct 6, 2022.
             Was a Priest of Lugonu.
             Killed by divine providence
             ... invoked by an orc priest
              (13 damage)
             ... on level 4 of the Dungeon.
             The game lasted 00:15:39 (4367 turns).

Earthwalker the Poker (Minotaur Abyssal Knight)     Turns: 4367, Time: 00:15:40

Health: -6/57      AC:  3    Str: 17    XL:     6   Next: 68%
Magic:  15/15      EV: 27    Int:  7    God:    Lugonu [***...]
Gold:   186        SH:  0    Dex: 13    Spells: 5/5 levels left

rFire   . . .      SeeInvis .   a - +1 spear
rCold   . . .      Faith    .   (no shield)
rNeg    . . .      Spirit   .   b - +0 leather armour
rPois   .          Reflect  .   (helmet restricted)
rElec   .          Harm     .   (no cloak)
rCorr   +          Rampage  .   (no gloves)
Will    .....                   (no boots)
Stlth   +.........              q - amulet of the Sky {Acrobat rCorr}
HPRegen 0.19/turn               m - ring of magical power
MPRegen 0.14/turn               (no ring)

@: acrobatic
A: horns 2, retaliatory headbutt
a: Renounce Religion, Depart the Abyss, Bend Space, Banish


You were on level 4 of the Dungeon.
You worshipped Lugonu.
Lugonu was most pleased with you.
You visited 1 branch of the dungeon, and saw 4 of its levels.
You visited the Abyss 1 time.

You collected 186 gold pieces.

Inventory:

Hand Weapons
 a - a +1 spear (weapon)
Missiles
 j - 2 throwing nets
Armour
 b - a +0 leather armour (worn)
 n - a +0 chain mail
Jewellery
 m - a ring of magical power (left hand)
 q - the amulet of the Sky (around neck) {Acrobat rCorr}
   (You found it on level 4 of the Dungeon)

   [amulet of the acrobat]

   It increases your evasion while moving and waiting.
   rCorr:     It protects you from acid and corrosion.
 s - an amulet of faith
Scrolls
 d - a scroll of identify
 e - a scroll of enchant armour
 g - 2 scrolls of enchant weapon
 i - 3 scrolls of teleportation
 k - a scroll of immolation
 l - a scroll of poison {unknown}
 p - a scroll of noise {unknown}
Potions
 c - a potion of heal wounds
 h - a potion of degeneration
 o - a potion of haste
 r - a potion of mutation


   Skills:
 + Level 5.6 Fighting
 + Level 6.1 Polearms
 + Level 3.8 Armour
 + Level 2.8 Dodging
 - Level 0.2 Stealth
 + Level 1.8 Invocations


You had 5 spell levels left.
You didn't know any spells.
Your spell library contained the following spells:

 Spells                   Type           Power      Damage    Failure   Level
 Beastly Appendage        Tmut           0%         N/A       50%         1
 Blink                    Tloc           0%         N/A       63%         2
 Wereblood                Tmut           0%         N/A       63%         2
 Lesser Beckoning         Tloc           0%         N/A       86%         3
 Spider Form              Tmut/Pois      0%         N/A       86%         3
 Tukima's Dance           Hex            0%         N/A       86%         3
 Passage of Golubria      Tloc           0%         N/A       99%         4
 Manifold Assault         Tloc           0%         N/A       100%        5
 Yara's Violent Unravell  Hex/Tmut       0%         3d3       100%        5


Dungeon Overview and Level Annotations

Branches:
Dungeon (4/15)
 Temple: D:4-7

Altars:
Makhleb
Qazlal
Xom

Annotations:
D:3 2 runed translucent doors, Decritt7's ghost, amateur DjCj


Innate Abilities, Weirdness & Mutations

You have a pair of horns on your head.
You reflexively headbutt those who attack you in melee.


Message History

Deactivating autopickup; reactivate with Ctrl-A.
You bump into the rock wall.
The orc wizard gestures at you while chanting.
The puff of flame hits you!
* * * LOW HITPOINT WARNING * * *
The orc priest hits you from afar with a +0 trident!
* * * LOW HITPOINT WARNING * * *
You feel much better.
The orc wizard hits you with a +0 dagger.
The orc priest hits you from afar with a +0 trident.
Unknown command.
You're too confused to move!
The orc priest barely misses you.
The orc wizard hits you with a +0 dagger.
You hit the orc wizard. Your headbutt misses the orc wizard.
The orc wizard is moderately wounded.
You feel less confused. The orc priest closely misses you.
The orc wizard hits you with a +0 dagger.
* * * LOW HITPOINT WARNING * * *
The orc wizard attacks as you move away!
The orc wizard barely misses you.
An orc comes into view. It is wielding a +0 falchion.
The orc shouts!
The orc priest calls upon Beogh to heal the orc wizard.
The orc wizard's wounds heal themselves!
The orc priest invokes the aid of Beogh against you.
Pain shoots through your body!
* * * LOW HITPOINT WARNING * * *
The orc wizard attacks as you move away!
The orc wizard closely misses you.
The orc wizard attacks as you move away!
The orc wizard misses you.
The orc wizard attacks as you move away!
The orc wizard completely misses you. You furiously retaliate!
You headbutt the orc wizard.
The orc wizard mumbles some strange words.
The orc wizard flickers and vanishes!
The orc priest mumbles some strange prayers to Beogh against you.
Beogh smites you!
You die...

##...# ###..#
### ###..###
##.# ##{o.##
#..# ###..###
##.####.o###
##..###..## #
#...#..### ##
##...@### .#
#....## .##
###..###
..########...##
#.....##...###
#.........##
.........##
..........##
...........#


You could see an orc priest.

Vanquished Creatures
  Grinder (D:3)
  A crimson imp (D:3)
  A jelly (D:4)
  An orc priest (D:3)
  5 adders
  3 worms
  5 dart slugs
  6 orcs
  8 ball pythons
  7 endoplasms
  2 giant cockroaches
  6 goblins
  4 hobgoblins
  4 jackals (D:2)
  3 quokkas
  6 bats
  6 frilled lizards
  6 kobolds
  7 rats
82 creatures vanquished.

Notes
Turn   | Place    | Note
-------+----------+-------------------------------------------
     0 | Abyss:1  | Earthwalker the Minotaur Abyssal Knight began the quest for
                  | the Orb.
     0 | Abyss:1  | Reached XP level 1. HP: 19/19 MP: 1/1
     3 | D:1      | Escaped the Abyss
   321 | D:1      | Reached XP level 2. HP: 26/27 MP: 2/2
   729 | D:1      | Found a faded altar of an unknown god.
  1339 | D:2      | Reached XP level 3. HP: 34/34 MP: 3/3
  1506 | D:2      | Reached *** piety under Lugonu
  1512 | D:2      | Reached skill level 3 in Polearms
  2428 | D:3      | Found a burning altar of Makhleb.
  2429 | D:3      | Found a shimmering altar of Xom.
  2438 | D:3      | Reached skill level 5 in Fighting
  2438 | D:3      | Reached XP level 4. HP: 21/42 MP: 4/4
  2635 | D:3      | Found a large runed translucent door.
  2635 | D:3      | Found a large runed translucent door.
  2635 | D:3      | Noticed Decritt7's ghost (amateur DjCj)
  2741 | D:3      | Identified the +3 hand axe of Maatasat {protect, rC- rCorr
                  | Int+8}
  3106 | D:3      | Found a stormy altar of Qazlal.
  3297 | D:3      | Noticed Grinder
  3309 | D:3      | Killed Grinder
  3310 | D:3      | Reached skill level 5 in Polearms
  3310 | D:3      | Reached XP level 5. HP: 28/48 MP: 5/5
  3310 | D:3      | Reached XP level 6. HP: 33/56 MP: 6/6
  3981 | D:4      | Identified the amulet of the Sky {Acrobat rCorr}
  4152 | D:4      | Reached skill level 6 in Polearms
  4367 | D:4      | Killed from afar by an orc priest

Illustrated notes

Levels and vault maps discovered:
D:1:      kilobyte_arrival_exit_the_forest, layout_loops_ring,
          hellmonk_ecumenical_altar_pennies_from_heaven,
          minmay_misc_feat_nine_boxes, minmay_tripent
D:2:      layout_basic
D:3:      layout_basic, grunt_temple_overflow_champion_of_chaos,
          nicolae_qazlal_scattered_showers, ebering_ghost_disaster_area,
          uniq_grinder
D:4:      layout_cave_pods

Skill      XL: |  1  2  3  4  5  6 |
---------------+-------------------+-----
Fighting       | 4 5 |  5.6
Armour         | 3 |  3.8
Polearms       | 3 5 6 |  6.1
Dodging        | 2 |  2.8
Stealth        | |  0.2
Invocations    | |  1.8

Action                   |  1- 3 |  4- 6 || total
-------------------------+-------+-------++-------
Melee: Spear             |   119 |   111 ||   230
       Headbutt          |    10 |    23 ||    33
       Punch             |     2 |     1 ||     3
  Use: Scroll            |       |     9 ||     9
       Potion            |       |     1 ||     1
 Stab: Sleeping          |       |     1 ||     1
Armor: Leather armour    |    18 |    14 ||    32
Dodge: Dodged            |    62 |    47 ||   109
